 Dungeon Crawl Stone Soup version 0.29-a0-620-g13ace881f2 (webtiles) character file.

Game seed: 16101699901705995927

93 IdlyInterested the Skirmisher (level 4, 0/35 HPs)
             Began as a Demonspawn Fighter on June 18, 2022.
             Slain by a gnoll
             ... wielding a +0 spear
              (7 damage)
             ... on level 3 of the Dungeon.
             The game lasted 00:04:17 (2105 turns).

IdlyInterested the Skirmisher (Demonspawn Fighter)  Turns: 2105, Time: 00:04:17

Health: 0/35       AC:  6    Str: 16    XL:     4   Next: 37%
Magic:  4/4        EV:  9    Int:  9    God:
Gold:   94         SH:  5    Dex: 15    Spells: 3/3 levels left

rFire   . . .      SeeInvis .   a - +0 flail
rCold   . . .      Faith    .   c - +0 buckler
rNeg    . . .      Spirit   .   b - +0 scale mail
rPois   .          Reflect  .   (no helmet)
rElec   .          Harm     .   (no cloak)
rCorr   .          Rampage  .   (no gloves)
Will    .....                   (no boots)
Stlth   ..........              (no amulet)
HPRegen 0.11/turn               (no ring)
MPRegen 0.09/turn               (no ring)

@: flying
A: hooves 1, powered by death 1, spiny 1
a: no special abilities


You were on level 3 of the Dungeon.
You visited 1 branch of the dungeon, and saw 3 of its levels.

You collected 94 gold pieces.

Inventory:

Hand Weapons
 a - a +0 flail (weapon)
Missiles
 h - 78 stones (quivered)
Armour
 b - a +0 scale mail (worn)
 c - a +0 buckler (worn)
Scrolls
 e - a scroll of identify
 i - a scroll of fog {unknown}
 k - a scroll of teleportation
 l - a scroll of noise {unknown}
Potions
 d - a potion of might
 f - 4 potions of haste
 g - a potion of brilliance
 j - a potion of flight


   Skills:
 - Level 3.0 Fighting
 * Level 3.0 Maces & Flails
 + Level 0.9 Throwing
 - Level 2.6 Armour
 * Level 2.1 Dodging
 - Level 1.0 Stealth
 - Level 2.6 Shields


You had 3 spell levels left.
You didn't know any spells.
Your spell library was empty.

Dungeon Overview and Level Annotations

Branches:
Dungeon (3/15)

Altars:


Innate Abilities, Weirdness & Mutations

You have large cloven feet.
You regenerate a little health from kills.
You are partially covered in sharp spines.


Message History

You kill the hobgoblin!
Things that are here:
a +0 club; a goblin corpse
Found a hunting sling and a scroll of teleportation.
You see here a +0 hunting sling.
Found a scroll labelled WAYLUI QEEHOG.
k - a scroll of teleportation
Found 5 gold pieces.
You hear the slow rusting of a very distant drain.
l - a scroll labelled WAYLUI QEEHOG A gnoll comes into view.
It is wielding a +3 spear.
Found 9 gold pieces.
Found a stone staircase leading down.
The gnoll shouts!
You hear a shout! 2 gnolls come into view.
Found a scroll of teleportation and a robe.
The gnoll shouts! x2
The gnoll hits you from afar with a +3 spear.
The gnoll barely misses you.
You barely miss the gnoll. You block the gnoll's attack.
The gnoll is struck by your spines. The gnoll hits you with a +3 spear.
You hit the gnoll. Your kick misses the gnoll.
The gnoll is heavily wounded.
The gnoll hits you with a +3 spear.
You hit the gnoll but do no damage.
The gnoll is heavily wounded.
The gnoll hits you from afar with a +0 spear.
The gnoll closely misses you.
You completely miss the gnoll.
The gnoll is heavily wounded.
You block the gnoll's attack. The gnoll is struck by your spines.
The gnoll closely misses you.
The gnoll hits you from afar with a +0 halberd.
The gnoll barely misses you. The gnoll hits you with a +3 spear!
* * * LOW HITPOINT WARNING * * *
The gnoll barely misses you. You block the gnoll's attack.
The gnoll closely misses you.
It was a potion of flight.
You feel very buoyant.
You fly up into the air.
The gnoll hits you with a +0 spear!
You die...

#.###########
#...........#
#.#########.# #.#
#.# #.# #.# #.#
#.##
###########.######
#...
..?...gg........>#
####
####.g@$#######.#
#.##.# .. .... ##
##[### #.# #.# #.#
# .# # #


You could see 3 gnolls.

Vanquished Creatures
  A gnoll (D:2)
  3 adders (D:2)
  2 dart slugs
  2 orcs (D:3)
  A ball python (D:1)
  3 endoplasms
  A giant cockroach (D:2)
  5 goblins
  6 hobgoblins
  A jackal (D:2)
  7 kobolds
  4 quokkas
  5 bats
  4 frilled lizards
  4 rats
49 creatures vanquished.

Notes
Turn   | Place    | Note
-------+----------+-------------------------------------------
     0 | D:1      | IdlyInterested the Demonspawn Fighter began the quest for
                  | the Orb.
     0 | D:1      | Reached XP level 1. HP: 18/18 MP: 1/1
   274 | D:1      | Discovered your monstrous ancestry.
   274 | D:1      | Gained mutation: You have large cloven feet. [demonic
                  | ancestry]
   274 | D:1      | Reached XP level 2. HP: 19/24 MP: 2/2
   397 | D:1      | Reached skill level 1 in Dodging
   404 | D:1      | Found a faded altar of an unknown god.
   643 | D:1      | Reached skill level 1 in Stealth
   747 | D:2      | Gained mutation: You are partially covered in sharp spines.
                  | [demonic ancestry]
   747 | D:2      | Reached XP level 3. HP: 29/29 MP: 3/3
  1184 | D:2      | Gained mutation: You regenerate a little health from kills.
                  | [demonic ancestry]
  1184 | D:2      | Reached XP level 4. HP: 35/35 MP: 4/4
  2105 | D:3      | Slain by a gnoll

Illustrated notes

Levels and vault maps discovered:
D:1:      lightli_arrival_statue_moat, layout_rooms,
          ebering_ecumenical_altar_box
D:2:      minmay_angry_zag, layout_loops_corners, minmay_misc_feat_five,
          chequers_decorated_corner
D:3:      layout_basic, portal_sewer_entry_b

Skill      XL: |  1  2  3  4 |
---------------+-------------+-----
Maces & Flails | 2 3 |  3.0
Dodging        | 1 2 |  2.1
Stealth        | 1 |  1.0
Fighting       | |  3.0
Throwing       | |  0.9
Armour         | |  2.6
Shields        | |  2.6

Action                   |  1- 3 |  4- 6 || total
-------------------------+-------+-------++-------
Melee: Flail             |    88 |    28 ||   116
       Kick              |     6 |     6 ||    12
  Use: Scroll            |     4 |     1 ||     5
       Potion            |       |     1 ||     1
Armor: Scale mail        |    45 |     3 ||    48
Dodge: Dodged            |    40 |    16 ||    56
Block: Buckler           |    24 |     9 ||    33

Table legend: (Time is in decaauts)
 A = Elapsed time spent in this place.
 B = Non-inter-level travel time spent in this place.
 C = Inter-level travel time spent in this place.
 D = Time resting spent in this place.
 E = Time spent auto-exploring this place.
 F = Levels seen in this place.
 G = Mean time per level.
                   A        B        C        D        E       F      G
               +--------+--------+--------+--------+--------+-----+--------+
         Total |   2141 |   2066 |     75 |    463 |   1122 |   3 |  713.7 |
       Dungeon |   2141 |   2066 |     75 |    463 |   1122 |   3 |  713.7 |
               +--------+--------+--------+--------+--------+-----+--------+

Top non-repeatable levels by time:
     D:2: 1234 daAuts
     D:1: 765 daAuts
     D:3: 141 daAuts
